 Dungeon Crawl Stone Soup version 0.31-a0-198-g2ad674f65e (webtiles) character file.

Game seed: 15023642737565423109

30 Dylgear the Shield-Bearer (level 3, -8/29 HPs)
             Began as a Formicid Fighter on June 25, 2023.
             Killed by divine providence
             ... invoked by an orc priest
              (14 damage)
             ... on level 2 of the Dungeon.
             The game lasted 00:01:27 (918 turns).

Dylgear the Shield-Bearer (Formicid Fighter)         Turns: 918, Time: 00:01:27

Health: -8/29      AC:  7    Str: 20    XL:     3   Next: 35%
Magic:  3/3        EV:  9    Int:  7    God:
Gold:   81         SH:  5    Dex: 15    Spells: 2/2 levels left

rFire   . . .        a - +0 war axe
rCold   . . .        c - +0 buckler
rNeg    . . .        b - +0 scale mail
rPois   .            (helmet unavailable)
rElec   .            (no cloak)
rCorr   .            (no gloves)
SInv    +            (no boots)
Will    .....        (no amulet) Stlth
                     (no ring)
HPRegen 0.24/turn    (no ring)
MPRegen 0.08/turn

%: no passive effects
@: mighty
A: permanent stasis, dig shafts and tunnels, antennae 3, four strong arms
a: Dig, Shaft Self


You were on level 2 of the Dungeon.
You visited 1 branch of the dungeon, and saw 2 of its levels.

You collected 81 gold pieces.

Inventory:

Hand Weapons
 a - a +0 war axe (weapon)
Armour
 b - a +0 scale mail (worn)
 c - a +0 buckler (worn)
Scrolls
 e - 3 scrolls of identify {unknown}
 f - a scroll of fog {unknown}
 g - a scroll of immolation {unknown}
 h - a scroll of revelation {unknown}


   Skills:
 + Level 3.5 Fighting
 + Level 2.5 Axes
 + Level 3.7 Armour
 + Level 4.4 Shields


You had 2 spell levels left.
You didn't know any spells.
Your spell library contained the following spells:

 Spells                   Type           Power      Damage    Failure   Level
 Freeze                   Ice            0%         1d3       85%         1
 Frozen Ramparts          Ice            0%         1d1       99%         3
 Hailstorm                Conj/Ice       0%         3d3       99%         3


Dungeon Overview and Level Annotations

Branches:
Dungeon (2/15)

Altars:


Innate Abilities, Weirdness & Mutations

You cannot be hasted, slowed, berserked, paralysed or teleported.
You can dig through walls and to a lower floor.
You have a pair of large antennae on your head. (SInv)
Your four strong arms can wield two-handed weapons with a shield.


Message History

You hear a shout! x2
An orc priest and an orc come into view.
The orc priest shouts! x2; The orc shouts!
The orc priest mumbles some strange prayers to Beogh against you.
Beogh smites you!
You enter the shallow water.
Moving in this stuff is going to be slow.
Found 18 gold pieces.
The orc hits you but does no damage.
The orc priest invokes the aid of Beogh against you.
Pain shoots through your body! The orc barely misses you.
You slash the orc!
You kill the orc!
You barely miss the orc. You slash the orc!
You kill the orc!
The orc priest invokes the aid of Beogh against you.
Pain shoots through your body!
* * * LOW HITPOINT WARNING * * *
The orc hits you but does no damage.
The orc priest begins to cast a cantrip, but forgets the words!
You are too injured to fight recklessly!
Unknown command.
You are too injured to fight recklessly!
You are too injured to fight recklessly!
Unknown command.
Unknown command.
Unknown command.
Unknown command.
The orc attacks as you move away! You block the orc's attack.
The orc priest mumbles some strange prayers to Beogh against you.
Pain shoots through your body!
* * * LOW HITPOINT WARNING * * *
The orc priest begins to cast a cantrip, but forgets the words!
You block the orc's attack.
You feel very mighty all of a sudden. The orc hits you but does no damage.
You closely miss the orc.
You hit the orc priest but do no damage.
The orc priest mumbles some strange prayers to Beogh against you.
Beogh smites you!
You die...

...#..............
########.#.....<........
##....................#..
#..~...~.......##.....###
$..................##.#..
⌠..............##..##....
$.....o)............#.#..
#..~..)o.......###.##.#..
##.....o@......###..#.#..
########.............#..
..............###.#.#..
########......###.#(#..
##.#.#..........
#.#.......#.#..
#.#############
#.....(........
###############


You could see 2 orc priests and an orc.

Vanquished Creatures
  An adder (D:2)
  A dart slug (D:1)
  2 orcs (D:2)
  2 endoplasms (D:1)
  3 giant cockroaches
  A hobgoblin (D:1)
  2 bats (D:1)
  A kobold (D:1)
  4 rats
17 creatures vanquished.

Notes
Turn   | Place    | Note
-------+----------+-------------------------------------------
     0 | D:1      | Dylgear the Formicid Fighter began the quest for the Orb.
     0 | D:1      | Reached XP level 1. HP: 18/18 MP: 1/1
   124 | D:1      | Reached XP level 2. HP: 24/24 MP: 2/2
   833 | D:2      | Reached XP level 3. HP: 28/29 MP: 3/3
   918 | D:2      | Killed from afar by an orc priest

Illustrated notes

Levels and vault maps discovered:
D:1:      lemuel_arrival_cross, layout_basic
D:2:      cheibrodos_pilgrimage, layout_basic, uniq_natasha

Action                     || total
---------------------------++-------
  Melee: War axe           ||    41
    Use: Potion            ||     1
 Armour: Scale mail        ||    21
  Dodge: Dodged            ||    21
  Block: Buckler           ||    11

Table legend: (Time is in decaauts)
 A = Elapsed time spent in this place.
 B = Non-inter-level travel time spent in this place.
 C = Inter-level travel time spent in this place.
 D = Time resting spent in this place.
 E = Time spent auto-exploring this place.
 F = Levels seen in this place.
 G = Mean time per level.
                   A        B        C        D        E       F      G
               +--------+--------+--------+--------+--------+-----+--------+
         Total |    935 |    838 |     97 |      0 |    706 |   2 |  467.5 |
       Dungeon |    935 |    838 |     97 |      0 |    706 |   2 |  467.5 |
               +--------+--------+--------+--------+--------+-----+--------+

Top non-repeatable levels by time:
     D:1: 757 daAuts
     D:2: 178 daAuts
